[ AOE2 MATCH · #505789490 ]
UnrankedTatars vs Japanese
Player's team · WIN
Rival team · LOSS
[ REPLAY ANALYSIS · EXTRACTED FROM THE RECORDED GAME ]
Feudal
9:43
Castle
22:26
Imperial
38:55
| APM avg | 56.0 |
| APM peak | 93 |
| eAPM avg | 19.9 |
| Villagers / military | 139 / 89 |
Focus
⚔️ 30.2% · 🌾 69.8%
Cavalry Archer ×75 · Skirmisher ×3 · Scout Cavalry ×3 · Trebuchet (Packed) ×3 · Archer ×2 · Mangonel ×2
Feudal
10:30
Castle
22:27
Imperial
41:45
| APM avg | 31.5 |
| APM peak | 71 |
| eAPM avg | 21.5 |
| Villagers / military | 130 / 153 |
Focus
⚔️ 38.7% · 🌾 61.3%
Archer ×96 · Skirmisher ×33 · Militia ×9 · Scorpion ×5 · Battering Ram ×5 · Mangonel ×2
Match map
Initial resources + every placement click. Lines = walls · curves = elevation contours. ◆ gold · ⬟ stone · ● berries · ✦ relic · ◌ wall gap
Your base· ✓ Closed at 22:26 · 44t walls · 1 gate(s)
A zax attax's base· ✓ Closed at 22:27 · 45t walls · 1 gate(s)
Smoothed initial terrain · ◌ = detected wall gap · hover for details
Inputs per minute
— JeesalOne - - A zax attax
Build order — JeesalOne
First 150 of 399 actions detected
| 0:02 | Queue | Villager (Male) |
| 0:02 | Queue | Villager (Male) |
| 0:04 | Build | House |
| 0:05 | Build | House |
| 0:11 | Queue | Villager (Male) |
| 0:11 | Queue | Villager (Male) |
| 0:11 | Queue | Villager (Male) |
| 1:31 | Queue | Villager (Male) |
| 1:31 | Queue | Villager (Male) |
| 1:45 | Build | Lumber Camp |
| 1:53 | Queue | Villager (Male) |
| 1:53 | Queue | Villager (Male) |
| 1:53 | Queue | Villager (Male) |
| 2:11 | Queue | Villager (Male) |
| 2:11 | Queue | Villager (Male) |
| 2:11 | Queue | Villager (Male) |
| 2:54 | Queue | Villager (Male) |
| 2:54 | Queue | Villager (Male) |
| 3:05 | Queue | Villager (Male) |
| 3:06 | Queue | Villager (Male) |
| 3:06 | Queue | Villager (Male) |
| 3:32 | Queue | Villager (Male) |
| 3:33 | Queue | Villager (Male) |
| 3:33 | Queue | Villager (Male) |
| 3:53 | Build | House |
| 4:07 | Queue | Villager (Male) |
| 4:07 | Queue | Villager (Male) |
| 4:07 | Queue | Villager (Male) |
| 4:23 | Queue | Villager (Male) |
| 4:23 | Queue | Villager (Male) |
| 4:23 | Queue | Villager (Male) |
| 4:29 | Build | Mill |
| 5:05 | Research | Loom |
| 5:32 | Queue | Villager (Male) |
| 5:46 | Queue | Villager (Male) |
| 5:46 | Queue | Villager (Male) |
| 6:52 | Queue | Villager (Male) |
| 7:33 | Research | Feudal Age |
| 8:10 | Build | Palisade Gate |
| 8:28 | Build | House |
| 8:45 | Queue | Villager (Male) |
| 9:00 | Build | House |
| 9:06 | Build | Palisade Wall |
| 9:38 | Build | Palisade Wall |
| 9:43 | Age | Feudal Age |
| 9:50 | Build | Palisade Wall |
| 9:59 | Queue | Villager (Male) |
| 10:05 | Build | Palisade Wall |
| 10:19 | Build | Palisade Wall |
| 10:22 | Build | Barracks |
| 10:34 | Queue | Villager (Male) |
| 10:45 | Queue | Villager (Male) |
| 11:06 | Build | Stable |
| 11:09 | Build | Mill |
| 11:14 | Queue | Villager (Male) |
| 11:40 | Queue | Villager (Male) |
| 11:53 | Queue | Scout Cavalry |
| 11:53 | Queue | Scout Cavalry |
| 12:02 | Queue | Villager (Male) |
| 12:05 | Build | House |
| 12:31 | Queue | Villager (Male) |
| 12:36 | Queue | Scout Cavalry |
| 12:45 | Build | Blacksmith |
| 12:50 | Queue | Villager (Male) |
| 13:17 | Queue | Villager (Male) |
| 13:30 | Build | Archery Range |
| 13:32 | Queue | Villager (Male) |
| 14:03 | Queue | Villager (Male) |
| 14:05 | Build | Lumber Camp |
| 14:26 | Build | Palisade Wall |
| 14:27 | Build | Palisade Wall |
| 14:28 | Build | Palisade Wall |
| 14:30 | Build | Palisade Wall |
| 14:46 | Queue | Villager (Male) |
| 14:50 | Queue | Archer |
| 14:50 | Queue | Archer |
| 14:53 | Build | House |
| 14:57 | Research | Town Watch |
| 15:15 | Build | House |
| 15:29 | Build | House |
| 15:33 | Queue | Villager (Male) |
| 15:44 | Queue | Skirmisher |
| 15:46 | Build | Market |
| 15:54 | Queue | Villager (Male) |
| 16:03 | Build | Palisade Wall |
| 16:10 | Queue | Villager (Male) |
| 16:15 | Build | Palisade Wall |
| 16:17 | Build | Palisade Wall |
| 16:27 | Queue | Villager (Male) |
| 16:42 | Queue | Villager (Male) |
| 16:56 | Queue | Villager (Male) |
| 17:00 | Build | Farm |
| 17:00 | Build | Farm |
| 17:17 | Build | House |
| 17:21 | Queue | Villager (Male) |
| 17:24 | Build | Mining Camp |
| 17:35 | Build | Palisade Wall |
| 17:39 | Build | Farm |
| 17:40 | Build | Farm |
| 17:44 | Queue | Villager (Male) |
| 17:49 | Build | Palisade Wall |
| 18:03 | Queue | Skirmisher |
| 18:09 | Queue | Villager (Male) |
| 18:18 | Build | Farm |
| 18:30 | Queue | Skirmisher |
| 18:41 | Build | Farm |
| 18:42 | Queue | Villager (Male) |
| 18:49 | Build | Farm |
| 18:50 | Build | Farm |
| 19:03 | Build | Farm |
| 19:10 | Build | Farm |
| 19:22 | Queue | Villager (Male) |
| 19:25 | Build | Farm |
| 19:29 | Build | Farm |
| 19:36 | Research | Castle Age |
| 19:43 | Build | Archery Range |
| 20:07 | Research | Bloodlines |
| 20:18 | Research | Horse Collar |
| 20:30 | Build | Farm |
| 20:36 | Build | Farm |
| 20:43 | Research | Double-Bit Axe |
| 20:59 | Research | Fletching |
| 21:28 | Queue | Villager (Male) |
| 22:10 | Build | Archery Range |
| 22:26 | Age | Castle Age |
| 22:29 | Queue | Cavalry Archer |
| 22:30 | Queue | Cavalry Archer |
| 22:30 | Queue | Cavalry Archer |
| 22:33 | Research | Bodkin Arrow |
| 22:33 | Research | Padded Archer Armor |
| 22:46 | Queue | Villager (Male) |
| 22:55 | Build | University |
| 23:00 | Queue | Cavalry Archer |
| 23:06 | Queue | Villager (Male) |
| 23:18 | Queue | Cavalry Archer |
| 23:18 | Queue | Cavalry Archer |
| 23:24 | Build | House |
| 23:25 | Build | House |
| 24:10 | Queue | Villager (Male) |
| 24:22 | Research | Ballistics |
| 24:24 | Queue | Villager (Male) |
| 24:25 | Queue | Cavalry Archer |
| 24:25 | Queue | Cavalry Archer |
| 24:28 | Build | House |
| 24:29 | Build | House |
| 24:43 | Queue | Villager (Male) |
| 24:55 | Build | Town Center |
| 25:03 | Queue | Cavalry Archer |
| 25:04 | Queue | Cavalry Archer |
| 25:12 | Research | Wheelbarrow |
Build order — A zax attax
First 150 of 398 actions detected
| 0:00 | Queue | Villager (Male) ×4 |
| 0:02 | Build | House |
| 0:03 | Build | House |
| 1:25 | Queue | Villager (Male) |
| 1:56 | Queue | Villager (Male) |
| 2:01 | Build | Lumber Camp |
| 2:29 | Queue | Villager (Male) |
| 2:52 | Queue | Villager (Male) |
| 2:52 | Queue | Villager (Male) |
| 3:09 | Build | House |
| 3:29 | Queue | Villager (Male) |
| 4:08 | Queue | Villager (Male) |
| 4:15 | Build | Barracks |
| 4:32 | Queue | Villager (Male) |
| 4:44 | Queue | Villager (Male) |
| 4:52 | Queue | Villager (Male) |
| 5:04 | Build | House |
| 5:21 | Queue | Militia |
| 5:35 | Queue | Villager (Male) |
| 5:45 | Queue | Militia |
| 5:47 | Queue | Villager (Male) |
| 5:59 | Build | Mill |
| 6:11 | Queue | Militia |
| 6:18 | Queue | Villager (Male) |
| 6:46 | Queue | Villager (Male) |
| 6:59 | Queue | Villager (Male) |
| 7:09 | Research | Loom |
| 7:17 | Build | House |
| 7:39 | Build | Mill |
| 7:53 | Queue | Villager (Male) |
| 7:58 | Build | Palisade Wall |
| 8:12 | Queue | Villager (Male) |
| 8:16 | Research | Feudal Age |
| 8:44 | Queue | Villager (Male) |
| 8:48 | Build | House |
| 9:11 | Build | Farm |
| 9:14 | Build | Farm |
| 9:42 | Build | Palisade Wall |
| 9:44 | Build | Mining Camp |
| 10:07 | Build | Palisade Wall |
| 10:27 | Queue | Villager (Male) |
| 10:30 | Age | Feudal Age |
| 10:40 | Queue | Villager (Male) |
| 10:45 | Research | Double-Bit Axe |
| 10:48 | Research | Horse Collar |
| 10:57 | Build | House |
| 11:00 | Build | Palisade Wall |
| 11:07 | Queue | Villager (Male) |
| 11:22 | Build | Lumber Camp |
| 11:28 | Build | House |
| 11:29 | Queue | Villager (Male) |
| 11:33 | Build | Farm |
| 11:38 | Queue | Villager (Male) |
| 11:52 | Queue | Villager (Male) |
| 12:03 | Build | Farm |
| 12:04 | Queue | Villager (Male) |
| 12:08 | Research | Man-at-Arms (upgrade) |
| 12:13 | Build | House |
| 12:37 | Build | Archery Range |
| 12:40 | Build | Palisade Wall |
| 12:49 | Research | Arson |
| 12:52 | Build | Farm |
| 12:59 | Queue | Villager (Male) |
| 13:17 | Build | Palisade Wall |
| 13:25 | Build | Blacksmith |
| 13:26 | Queue | Villager (Male) |
| 13:32 | Build | Farm |
| 13:49 | Queue | Archer |
| 13:52 | Queue | Spearman |
| 14:01 | Queue | Villager (Male) |
| 14:16 | Queue | Villager (Male) |
| 14:17 | Build | Palisade Wall |
| 14:33 | Build | Palisade Wall |
| 14:40 | Build | Farm |
| 14:40 | Build | Farm |
| 14:40 | Build | Farm |
| 14:59 | Build | Farm |
| 14:59 | Build | Farm |
| 14:59 | Build | Farm |
| 14:59 | Build | Farm |
| 15:00 | Build | Farm |
| 15:03 | Queue | Spearman |
| 15:12 | Queue | Villager (Male) |
| 15:23 | Queue | Villager (Male) |
| 15:28 | Build | Farm |
| 15:35 | Build | House |
| 15:38 | Queue | Villager (Male) |
| 15:40 | Queue | Archer |
| 15:50 | Build | Farm |
| 15:56 | Build | Palisade Wall |
| 15:57 | Build | Palisade Wall |
| 16:01 | Queue | Villager (Male) |
| 16:04 | Build | House |
| 16:06 | Queue | Villager (Male) |
| 16:14 | Queue | Villager (Male) |
| 16:16 | Build | Farm |
| 16:17 | Build | Farm |
| 16:23 | Queue | Villager (Male) |
| 16:34 | Queue | Villager (Male) |
| 16:40 | Build | Farm |
| 16:54 | Research | Wheelbarrow |
| 16:56 | Build | Farm |
| 16:58 | Build | Farm |
| 17:06 | Research | Scale Mail Armor |
| 17:09 | Build | House |
| 17:14 | Build | House |
| 17:15 | Queue | Villager (Male) |
| 17:27 | Queue | Archer |
| 17:36 | Queue | Villager (Male) |
| 17:44 | Research | Fletching |
| 17:45 | Queue | Villager (Male) |
| 17:54 | Build | House |
| 18:15 | Build | Farm |
| 18:17 | Build | Farm |
| 18:22 | Build | Farm |
| 18:38 | Queue | Archer |
| 18:49 | Build | Mill |
| 19:05 | Build | House |
| 19:06 | Build | House |
| 19:19 | Build | Farm |
| 19:41 | Research | Castle Age |
| 19:45 | Queue | Archer |
| 20:02 | Build | Mining Camp |
| 20:18 | Build | Barracks |
| 20:21 | Queue | Militia |
| 20:47 | Queue | Militia |
| 20:49 | Research | Forging |
| 20:55 | Research | Gold Mining |
| 21:05 | Build | Palisade Gate |
| 21:06 | Queue | Villager (Male) |
| 21:12 | Queue | Archer |
| 21:41 | Queue | Villager (Male) |
| 21:43 | Queue | Militia |
| 21:43 | Queue | Militia |
| 21:59 | Queue | Militia |
| 21:59 | Queue | Militia |
| 22:12 | Build | Barracks |
| 22:27 | Age | Castle Age |
| 22:31 | Research | Chain Mail Armor |
| 22:33 | Research | Squires |
| 22:34 | Queue | Villager (Male) |
| 22:45 | Build | Archery Range |
| 23:07 | Queue | Villager (Male) |
| 23:12 | Queue | Archer |
| 23:12 | Queue | Archer |
| 23:17 | Research | Bodkin Arrow |
| 23:24 | Build | Archery Range |
| 23:26 | Queue | Villager (Male) |
| 23:30 | Build | Watch Tower |
| 23:33 | Research | Bow Saw |
Match timeline
| 4:15 | A zax attax · first_building Barracks |
| 7:58 | A zax attax · wall_segment Palisade Wall x8 |
| 9:06 | JeesalOne · wall_segment Palisade Wall x4 |
| 9:38 | JeesalOne · wall_segment Palisade Wall x1 |
| 9:42 | A zax attax · wall_segment Palisade Wall x8 |
| 9:43 | JeesalOne · age_up feudal |
| 9:50 | JeesalOne · wall_segment Palisade Wall x1 |
| 10:05 | JeesalOne · wall_segment Palisade Wall x1 |
| 10:07 | A zax attax · wall_segment Palisade Wall x6 |
| 10:19 | JeesalOne · wall_segment Palisade Wall x1 |
| 10:22 | JeesalOne · first_building Barracks |
| 10:30 | A zax attax · age_up feudal |
| 11:00 | A zax attax · wall_segment Palisade Wall x10 |
| 11:06 | JeesalOne · first_building Stable |
| 12:37 | A zax attax · first_building Archery Range |
| 12:40 | A zax attax · wall_segment Palisade Wall x5 |
| 13:17 | A zax attax · wall_segment Palisade Wall x4 |
| 13:30 | JeesalOne · first_building Archery Range |
| 14:17 | A zax attax · wall_segment Palisade Wall x1 |
| 14:26 | JeesalOne · wall_segment Palisade Wall x1 |
| 14:27 | JeesalOne · wall_segment Palisade Wall x1 |
| 14:28 | JeesalOne · wall_segment Palisade Wall x1 |
| 14:30 | JeesalOne · wall_segment Palisade Wall x1 |
| 14:33 | A zax attax · wall_segment Palisade Wall x1 |
| 15:56 | A zax attax · wall_segment Palisade Wall x1 |
| 15:57 | A zax attax · wall_segment Palisade Wall x1 |
| 16:03 | JeesalOne · wall_segment Palisade Wall x14 |
| 16:15 | JeesalOne · wall_segment Palisade Wall x1 |
| 16:17 | JeesalOne · wall_segment Palisade Wall x1 |
| 17:35 | JeesalOne · wall_segment Palisade Wall x6 |
| 17:49 | JeesalOne · wall_segment Palisade Wall x10 |
| 19:34 | JeesalOne · first_market_sell 100 wood |
| 22:26 | JeesalOne · age_up castle |
| 22:27 | A zax attax · age_up castle |
| 28:25 | A zax attax · first_building Siege Workshop |
| 33:33 | JeesalOne · first_building Siege Workshop |
| 35:34 | JeesalOne · first_building Monastery |
| 37:06 | JeesalOne · first_building Castle |
| 38:55 | JeesalOne · age_up imperial |
| 39:17 | A zax attax · first_market_sell 500 food |
| 40:20 | A zax attax · first_market_buy 100 wood |
| 41:45 | A zax attax · age_up imperial |
| 42:25 | A zax attax · first_building Castle |
| 44:50 | A zax attax · resign |
[ AI ANALYSIS · 1 CREDIT ]
What really happened in this match?
Wolo.gg analyzes every decision: build order, eco, micro, common mistakes by bracket. Personalized analysis on WhatsApp or Discord in 30 seconds.
Civ guide
Tatars
Perfil
Jugador #3318798